 Dungeon Crawl Stone Soup version 0.25-a0-647-gd602d06 (webtiles) character file.

Game seed: 14074544803465469364, levelgen mode: deterministic

3745 Dorkslayer the Skirmisher (level 10, 0/64 HPs)
             Began as a Gargoyle Fighter on Mar 20, 2020.
             Was a Believer of Zin.
             Slain by a death knight
             ... wielding a +0 morningstar
              (17 damage)
             ... on level 6 of the Dungeon on Mar 21, 2020.
             The game lasted 00:37:11 (5855 turns).

Dorkslayer the Skirmisher (Gargoyle Fighter)        Turns: 5855, Time: 00:37:11

Health: 0/64       AC: 28    Str: 21    XL:     10   Next: 15%
Magic:  13/13      EV:  8    Int: 10    God:    Zin [**....]
Gold:   313        SH: 14    Dex: 10    Spells: 9/9 levels left

rFire    + + .     SeeInvis .   a - +1 war axe
rCold    . . .     Gourm    .   F - +3 kite shield {rF+}
rNeg     + . .     Faith    .   w - +2 chain mail {rF+}
rPois    ∞         Spirit   .   i - +0 helmet
rElec    +         Reflect  .   r - +1 cloak
rCorr    .         Harm     .   p - +0 pair of gloves
MR       .....                  E - +2 pair of boots
Stlth    ..........             u - amulet of regeneration
HPRegen  0.60/turn              q - ring of flight
MPRegen  0.13/turn              D - ring of stealth

@: hasted (expiring), very quick
A: negative energy resistance 1, electricity resistance, unbreathing,
petrification resistance, rot immunity, AC +7
a: Recite, Vitalisation, Donate Gold, Renounce Religion, Evoke Flight


You were on level 6 of the Dungeon.
You worshipped Zin.
Zin was pleased with you.
You were not hungry.

You visited 2 branches of the dungeon, and saw 9 of its levels.

You collected 347 gold pieces.
You donated 34 gold pieces to Zin.

Inventory:

Hand Weapons
 a - a +1 war axe (weapon)
 h - a +1 falchion of holy wrath
Missiles
 e - 3 boomerangs
 n - 10 poisoned darts
 A - 2 throwing nets
 G - 4 silver boomerangs (quivered)
Armour
 i - a +0 helmet (worn)
 p - a +0 pair of gloves (worn)
 r - a +1 cloak (worn)
 w - a +2 chain mail of fire resistance (worn)
 E - a +2 pair of boots (worn)
 F - a +3 kite shield of fire resistance (worn)
Jewellery
 q - a ring of flight (left hand)
 u - an amulet of regeneration (around neck)
 v - a +2 amulet of reflection {unknown}
 D - a ring of stealth (right hand)
Wands
 d - a wand of flame (7)
 z - a wand of digging (5)
Scrolls
 l - 2 scrolls of magic mapping
 m - a scroll of immolation {unknown}
 s - a scroll of amnesia
 y - 2 scrolls of remove curse
Potions
 b - a potion of flight
 g - a potion of mutation {unknown}
 k - a potion of magic {unknown}
 o - a potion of degeneration {unknown}
 x - a potion of ambrosia {unknown}
 C - a potion of resistance {unknown}
Comestibles
 f - 9 rations


   Skills:
 * Level 7.7 Fighting
 + Level 5.5 Axes
 + Level 0.7 Throwing
 * Level 7.1 Armour
 * Level 4.1 Dodging
 + Level 7.5 Shields
 * Level 2.5 Invocations
 * Level 4.2 Evocations


You had 9 spell levels left.
You didn't know any spells.
Your spell library contained the following spells:

 Spells                   Type           Power        Failure   Level  Hunger
 Animate Skeleton         Necr           N/A          100%        1    ##.....
 Apportation              Tloc           #.....       100%        1    ##.....
 Corona                   Hex            #......      100%        1    ##.....
 Summon Small Mammal      Summ           #...         100%        1    ##.....


Dungeon Overview and Level Annotations

Branches:
Dungeon (8/15)             Temple (1/1) D:7
   Lair: D:8-11

Altars:
Ashenzari
Dithmenos
Elyvilon
Fedhas
Gozag
Hepliaklqana
Kikubaaqudgha
Makhleb
Nemelex Xobeh
Okawaru
Qazlal
Ru
Sif Muna
Uskayaw
Vehumet
Wu Jian
Xom
Yredelemnul
Zin


Innate Abilities, Weirdness & Mutations

You are resistant to torment.
Your stone body is resilient. (AC +7)
You are immune to poison.
You resist negative energy. (rN+)
You are resistant to electric shocks. (rElec)
You can survive without breathing.
You are immune to petrification.
You are immune to rotting.


Message History

The death knight hits you but does no damage.
Okay, then.
Quiver which item? (- for none, * to show all) (? for menu, Esc to quit)
Quivering
G - 5 silver boomerangs for throwing.
Throwing (i - inventory. (/) - cycle)
G - 5 silver boomerangs (quivered)
Press: ? - help, Shift-Dir - straight line, f/p - death knight
Aim: a death knight, wielding a +0 morningstar and wearing a +0 chain mail (moderately wounded, reflecting injuries)
You throw a silver boomerang.
The silver boomerang hits the death knight but does no damage.
The death knight is moderately wounded.
The death knight reflects your damage back at you!
Throwing (i - inventory. (/) - cycle)
G - 4 silver boomerangs (quivered)
Press: ? - help, Shift-Dir - straight line, f/p - death knight
Aim: a death knight, wielding a +0 morningstar and wearing a +0 chain mail (moderately wounded, reflecting injuries)
You throw a silver boomerang.
The silver boomerang hits the death knight but does no damage.
The death knight is moderately wounded.
The death knight reflects your damage back at you!
The death knight hits you with a +0 morningstar!
You die...

####............#####...........#
.....###.....#..................#
########........###.............#
#####............................
......##....♣♣..###.##...(.....#.
.......#..♣..♣.............(...##
#####..^..♣..♣....####.........#
##......♣...p.## #....(....#
###..#.........@# #.........#
#...............# ####.<#####
#........##....## #####...####
#......)....#### ##..........##
#.....#†...## ##............#
##..........## #..............
#............# #.......[......
#............# #........[.....
#............## #...........)..


You could see a death knight.

Vanquished Creatures
  Joseph (D:7)
  A komodo dragon (D:6)
  Prince Ribbit (D:7)
  A hungry ghost (D:6)
  Duvessa (D:6)
  2 orc warriors
  2 necrophages
  2 ogres
  2 centaurs
  Blork the orc (D:6)
  A big kobold (D:5)
  3 bullfrogs
  A gnoll sergeant (D:6)
  A wyvern skeleton (D:6)
  Dowan (D:6)
  3 scorpions
  A crimson imp (D:6)
  5 hounds
  A quasit (D:7)
  3 jellies
  4 orc priests
  A bullfrog skeleton (D:6)
  3 centaur skeletons (D:7)
  2 iguanas
  8 orc wizards
  Ijyb (D:4)
  2 worker ants
  Terence (D:3)
  3 hound skeletons
  Robin (D:2)
  12 gnolls
  A howler monkey skeleton (D:4)
  17 adders
  2 adder skeletons
  5 worms
  2 dart slugs
  3 leopard geckos
  36 orcs
  2 giant cockroaches
  38 goblins
  28 hobgoblins
  16 jackals
  11 kobolds
  4 quokkas
  4 bats
  5 frilled lizards
  A jackal skeleton (D:6)
  A leopard gecko skeleton (D:4)
  7 rats
255 creatures vanquished.

Vanquished Creatures (others)
  3 plants (D:8)
3 creatures vanquished.

Grand Total: 258 creatures vanquished

Notes
Turn   | Place    | Note
-------+----------+-------------------------------------------
     0 | D:1      | Dorkslayer the Gargoyle Fighter began the quest for the
                  | Orb.
     0 | D:1      | Reached XP level 1. HP: 14/14 MP: 1/1
   181 | D:1      | Reached XP level 2. HP: 17/19 MP: 2/2
   520 | D:2      | Reached XP level 3. HP: 18/24 MP: 3/3
   540 | D:2      | Noticed Robin
   547 | D:2      | HP: 1/24 [Robin/puff of flame (3)]
   552 | D:2      | Killed Robin
   633 | D:2      | Reached XP level 4. HP: 27/29 MP: 4/4
   782 | D:2      | Reached skill level 1 in Dodging
  1389 | D:3      | Reached XP level 5. HP: 26/33 MP: 5/5
  1535 | D:3      | Reached skill level 1 in Evocations
  1699 | D:3      | Noticed Terence
  1711 | D:3      | Reached XP level 6. HP: 29/39 MP: 6/6
  1713 | D:3      | Killed Terence
  2538 | D:4      | Noticed Ijyb
  2558 | D:4      | Killed Ijyb
  2558 | D:4      | Reached skill level 5 in Fighting
  2622 | D:4      | Reached XP level 7. HP: 22/44 MP: 8/8
  2967 | D:4      | Reached skill level 5 in Armour
  3007 | D:4      | Found a shimmering blue altar of Sif Muna.
  3133 | D:5      | Entered Level 5 of the Dungeon
  3545 | D:5      | Reached skill level 5 in Shields
  3781 | D:5      | Reached XP level 8. HP: 51/51 MP: 9/9
  3963 | D:5      | Found a blossoming altar of Fedhas.
  4034 | D:5      | Found a shadowy altar of Dithmenos.
  4043 | D:5      | Found an iron altar of Okawaru.
  4187 | D:6      | Noticed Blork the orc
  4199 | D:6      | Killed Blork the orc
  4429 | D:6      | Reached XP level 9. HP: 56/56 MP: 11/11
  4430 | D:6      | Upgraded the game from 0.25-a0-643-g3cd4bd2 to
                  | 0.25-a0-647-gd602d06
  4507 | D:6      | Found an ornate altar of the Wu Jian Council.
  4508 | D:6      | Found a sparkling altar of Nemelex Xobeh.
  4509 | D:6      | Found a shimmering altar of Xom.
  4512 | D:6      | Found a hide-covered altar of Uskayaw.
  4514 | D:6      | Found an iron altar of Okawaru.
  4517 | D:6      | Noticed Dowan
  4526 | D:6      | Killed Dowan
  4526 | D:6      | Noticed Duvessa
  4560 | D:6      | Killed Duvessa
  4727 | D:6      | Found a burning altar of Makhleb.
  4727 | D:6      | Found a glowing silver altar of Zin.
  4728 | D:6      | Noticed an angel
  4728 | D:6      | Noticed a balrug
  4760 | D:6      | Became a worshipper of Zin the Law-Giver
  4760 | D:6      | Reached * piety under Zin
  4880 | D:8      | Noticed a death knight
  4890 | D:8      | Noticed a centaur warrior
  4890 | D:8      | Noticed Prince Ribbit
  4918 | D:8      | Noticed a komodo dragon
  4927 | D:7      | Found a staircase to the Ecumenical Temple.
  4939 | Temple   | Entered the Ecumenical Temple
  5040 | D:6      | Killed a komodo dragon
  5040 | D:6      | Reached skill level 1 in Invocations
  5228 | D:7      | Reached ** piety under Zin
  5236 | D:7      | Noticed Joseph
  5262 | D:7      | Killed Joseph
  5262 | D:7      | Reached skill level 5 in Axes
  5528 | D:7      | Reached XP level 10. HP: 63/63 MP: 13/13
  5774 | D:7      | Killed Prince Ribbit
  5855 | D:6      | Slain by a death knight

Levels and vault maps discovered:
D:1:      minmay_arrival_shattered_statue, layout_rooms
D:2:      layout_loops_ring, uniq_robin
D:3:      layout_basic, minmay_door_square, uniq_terence
D:4:      layout_loops_corners, led_sif_book, first_ration, uniq_ijyb
D:5:      minmay_goblin_kobold_castle, layout_rooms, lemuel_crystal_altar,
          fedhas_altar_4, basic_altar
D:6:      layout_rooms, grunt_temple_overflow_order_and_chaos_2,
          grunt_temple_overflow_open, skrybe_limestone_x, chequers_garden,
          uniq_blork_the_orc, uniq_duvessa
D:7:      layout_basic, minmay_temple_entry_large_hall, uniq_joseph
D:8:      layout_rooms, tso_metal_star, cheibrodos_worm_habitat,
          david_lair_shrubbed, lemuel_statue_altar, uniq_prince_ribbit1
Temple:   nicolae_temple_figure_zero

Skill      XL: |  1  2  3  4  5  6  7  8  9 10 |
---------------+-------------------------------+-----
Axes           | 2 3 5 |  5.5
Dodging        | 1 2 3 4 |  4.1
Fighting       | 4 5 6 7 |  7.7
Armour         | 4 5 6 7 |  7.1
Evocations     | 1 2 3 4 |  4.2
Shields        | 4 5 6 7 |  7.5
Invocations    | 2 |  2.5
Throwing       | |  0.7

Action                   |  1- 3 |  4- 6 |  7- 9 | 10-12 || total
-------------------------+-------+-------+-------+-------++-------
Melee: War axe           |    92 |   312 |   579 |    66 ||  1049
Throw: Boomerang         |       |     7 |     2 |     2 ||    11
       Dart              |       |       |       |    13 ||    13
Invok: Recite            |       |       |     1 |       ||     1
Evoke: Wand              |       |     4 |     7 |     5 ||    16
  Use: Potion            |     3 |       |     1 |     2 ||     6
       Scroll            |       |     5 |     5 |     1 ||    11
  Eat: Chunk             |       |     7 |    12 |       ||    19
       Ration            |       |       |     1 |     2 ||     3
Armor: Scale mail        |    16 |       |       |       ||    16
       Plate armour      |     6 |    50 |   596 |       ||   652
       Chain mail        |    39 |   179 |       |    38 ||   256
Dodge: Dodged            |    24 |    72 |   174 |    19 ||   289
Block: Kite shield       |    46 |   151 |   519 |    45 ||   761

Table legend:
 A = Non-vault XP
 B = Vault XP
 C = Vault XP percentage of total XP
 D = Non-vault monster count
 E = Vault monster count
 F = Vault count percentage of total count
                 A         B        C        D         E       F
            +---------+---------+-------+---------+---------+-------
      Total |    3536 |    1815 |  33.9 |     174 |      81 |  31.8
            +---------+---------+-------+---------+---------+-------
        D:1 |      17 |       0 |   0.0 |      10 |       0 |   0.0
        D:2 |      93 |      37 |  28.5 |      22 |      12 |  35.3
        D:3 |     241 |      32 |  11.7 |      35 |       1 |   2.8
        D:4 |     212 |      76 |  26.4 |      14 |       2 |  12.5
        D:5 |     475 |     309 |  39.4 |      22 |      60 |  73.2
        D:6 |    1420 |     650 |  31.4 |      35 |       4 |  10.3
        D:7 |     779 |     711 |  47.7 |      27 |       2 |   6.9
        D:8 |     299 |       0 |   0.0 |       9 |       0 |   0.0
            +---------+---------+-------+---------+---------+-------
